 Dungeon Crawl Stone Soup version 0.22-a0-362-g535178c (webtiles) character file.

1059 dstrtnsr the Chiller (level 8, -1/130 HPs)
             Began as a Gnoll Ice Elementalist on Apr 22, 2018.
             Slain by a gnoll sergeant
             ... wielding a +3 trident of venom
              (4 damage)
             ... on level 6 of the Dungeon.
             The game lasted 00:11:42 (1631 turns).

dstrtnsr the Chiller (Gnoll Ice Elementalist)       Turns: 1631, Time: 00:11:42

Health: -1/130     AC: 30    Str: 16    XL:     8   Next: 27%
Magic:  3/16       EV:  2    Int: 24    God:
Gold:   106        SH:  0    Dex: 21    Spells: 4/18 levels left

rFire    . . .     SeeInvis .     - Unarmed
rCold    . . .     Gourm    .   (no shield)
rNeg     + + +     Faith    .   (armour currently unavailable)
rPois    +         Spirit   .   (helmet currently unavailable)
rElec    .         Reflect  .   (cloak currently unavailable)
rCorr    .         Harm     .   (gloves currently unavailable)
MR       +....     Clarity  +   (boots currently unavailable) Stlth ..........NoTele +
                                (no amulet)
HPRegen  0.31/turn              (no ring)
MPRegen  0.15/turn              (no ring)

@: brilliant, agile, berserking (expiring), icy armour, tree-form, very quick
A: distributed training, clarity, magic resistance 1, MP-powered wands, strong
nose
a: no special abilities


You were on level 6 of the Dungeon.
You were very hungry.
You were a tree.
You visited 2 branches of the dungeon, and saw 7 of its levels.

You collected 106 gold pieces.

Inventory:

Hand Weapons
 b - a +0 whip
 e - a +0 mace
Missiles
 q - a throwing net (quivered) {!f}
Armour
 a - a +0 robe (melded)
 k - the +2 pair of boots "Irywoer" (melded) {rPois rC+ Int+3}
   (You found it on level 4 of the Dungeon)

   It affects your intelligence (+3).
   It protects you from cold.
   It protects you from poison.
 r - a +2 hat (melded)
Wands
 C - a wand of acid (4)
Scrolls
 m - a scroll of fog
 o - a scroll of brand weapon {unknown}
 p - 4 scrolls of remove curse {@r2}
 s - a scroll of magic mapping
Potions
 h - 3 potions of haste
 j - a potion of agility
 t - a potion of might {unknown}
Comestibles
 c - 4 rations {!d}


   Skills:
 + Level 3.0 Fighting
 + Level 3.0 Short Blades
 + Level 3.0 Long Blades
 + Level 3.0 Axes
 + Level 3.0 Maces & Flails
 + Level 3.0 Polearms
 + Level 3.0 Staves
 + Level 3.0 Slings
 + Level 3.0 Bows
 + Level 3.0 Crossbows
 + Level 3.0 Throwing
 + Level 3.0 Armour
 + Level 5.5 Dodging
 + Level 5.2 Stealth
 + Level 3.0 Shields
 + Level 3.0 Unarmed Combat
 + Level 5.9 Spellcasting
 + Level 3.3 Conjurations
 + Level 2.4 Hexes
 + Level 2.4 Charms
 + Level 2.4 Summonings
 + Level 2.4 Necromancy
 + Level 2.4 Translocations
 + Level 2.4 Transmutations
 + Level 2.4 Fire Magic
 + Level 6.0 Ice Magic
 + Level 2.4 Air Magic
 + Level 2.4 Earth Magic
 + Level 2.4 Poison Magic
 + Level 3.3 Invocations
 + Level 3.0 Evocations


You had 4 spell levels left.
You knew the following spells:

 Your Spells              Type           Power        Failure   Level  Hunger
a - Freeze                Ice            ####         1%          1    None
c - Conjure Flame         Conj/Fire      #####...     1%          3    #......
i - Summon Ice Beast      Ice/Summ       #####...     1%          4    ###....
m - Mephitic Cloud        Conj/Pois/Air  ####....     1%          3    #......
o - Ozocubu's Armour      Chrm/Ice       #####...     1%          3    #......


Dungeon Overview and Level Annotations

Branches:
Dungeon (6/15)             Temple (1/1) D:6

Altars:
Ashenzari
Dithmenos
Gozag
Hepliaklqana
Kikubaaqudgha
Makhleb
Nemelex Xobeh
Okawaru
Qazlal
Sif Muna
Trog
Uskayaw
Vehumet
Wu Jian
Yredelemnul

Shops:
D:5 %

Annotations:
D:3 Terence


Innate Abilities, Weirdness & Mutations

Your experience applies equally to all skills.
((You have very sharp teeth.))
Your uncanny sense of smell can sniff out nearby items.
You possess an exceptional clarity of mind.
You are resistant to hostile enchantments. (MR+)
((You are resistant to electric shocks. (rElec)))
You expend magic power (3 MP) to strengthen your wands.


Message History

Huge Dmg: -30%(-17hp) hp: 2%(1hp)
Okay, then.
Unknown command.
It was a potion of agility.
You feel agile all of a sudden.
The howler monkey hoots and howls with incredible vigour!
The bullfrog zombie hits you but does no damage.
The orc warrior misses you.
Your ice beast hits the orc but does no damage.
You hear a shout! x2; You hear a bark!
You hear a shout! x2
Unknown command.
It was a potion of mutation.
You feel extremely strange.
Your thoughts seem clearer.
You feel your magical essence link to your wands.
You feel insulated.
You feel resistant to hostile enchantments.
The bullfrog zombie closely misses you. The orc completely misses you.
The orc warrior closely misses you.
Your ice beast hits the orc but does no damage.
Unknown command.
It was a potion of lignification.
You turn into a tree.
Your +2 hat melds into your body.
The +2 pair of boots "Irywoer" {rPois rC+ Int+3} melds into your body.
Your +0 robe melds into your body.
Your roots penetrate the ground.
The bullfrog zombie barely misses you. The orc hits you but does no damage.
The orc warrior barely misses you.
The bullfrog zombie hits you but does no damage.
Your ice beast hits the orc but does no damage.
It was a potion of brilliance.
You feel clever all of a sudden. The orc hits you but does no damage.
The bullfrog zombie hits you but does no damage.
The orc warrior barely misses you.
Your ice beast closely misses the orc.
It was a potion of berserk rage.
A red film seems to cover your vision as you go berserk!
You feel yourself moving faster!
You feel mighty!
The howler monkey hoots and howls with incredible vigour!
The bullfrog zombie hits you but does no damage.
The orc barely misses you.
Your ice beast hits the orc but does no damage.
You hear a shout!
A gnoll sergeant comes into view. It is wielding a trident of venom.
Wield which item (- for none, * to show all)? (? for menu, Esc to quit)
You are now empty-handed.
You feel a strong urge to attack something.
The orc warrior hits you but does no damage.
You hit the orc.
The orc is heavily wounded.
The bullfrog zombie hits you but does no damage.
The orc hits you but does no damage.
You smack the orc!
You kill the orc!
Your ice beast hits the bullfrog.
Your ice beast freezes the bullfrog!
The bullfrog seems to slow down.
The bullfrog zombie hits you but does no damage.
The orc warrior hits you but does no damage.
You smack the bullfrog!
The bullfrog is almost dead.
The bullfrog zombie hits you but does no damage.
You barely miss the bullfrog.
The bullfrog is almost dead.
Your ice beast barely misses the bullfrog.
The bullfrog hits you but does no damage.
The orc warrior completely misses you.
Unknown command.
You barely miss the bullfrog.
The bullfrog is almost dead.
The bullfrog zombie hits you but does no damage.
The bullfrog hits you but does no damage.
Your ice beast hits the bullfrog.
The bullfrog dies!
Unknown command.
You smack the bullfrog zombie!
The bullfrog zombie is heavily damaged.
The bullfrog zombie hits you but does no damage.
The orc warrior hits you but does no damage.
Unknown command.
You smack the bullfrog zombie!
The bullfrog zombie is almost destroyed.
Your ice beast hits the gnoll sergeant but does no damage.
The bullfrog zombie hits you but does no damage.
An orc comes into view.
You catch the helpless gnoll sergeant completely off-guard!
You hit the gnoll sergeant.
The gnoll sergeant is lightly wounded.
The orc warrior hits you but does no damage.
The gnoll sergeant hits you with a trident of venom.
* * * LOW HITPOINT WARNING * * *
The bullfrog zombie hits you but does no damage.
Your ice beast hits the gnoll sergeant but does no damage.
Huge Dmg: -1%(-2hp) hp: 3%(3hp)
You hit the gnoll sergeant.
The gnoll sergeant is lightly wounded.
The bullfrog zombie hits you but does no damage.
The orc warrior hits you but does no damage.
Unknown command.
You barely miss the gnoll sergeant.
The gnoll sergeant is lightly wounded.
The gnoll sergeant hits you with a trident of venom.
You die...

,,,,,,,,)....,,....,**,* *,**,,*
**,,***,*#...###..*,**,* *,**,,*
**,,* *,*#.,...#.#*,**,***,*,,,*
,*,,* *,*#..##.#.#*,**,,,,,,,*,*
,*,,* *,*#.....).#*,#*****,,,*,*
,,,,***,##..##...##.####**,,,,,**
,*,,,,,,.......#****** *,*
*,##....Y..o,,,,,* **,**
*,*#########.*,*,****,,,* *,*
*o#,,,,,,,,,,* *,* *∆.**,,***,,,*
*,* *,.#**,* *,*** *,* *,,#**,*
*,* *,* *,,,**,***,*


You could see an orc warrior, a gnoll sergeant, a howler monkey, an orc, a
bullfrog zombie and a friendly ice beast.

Vanquished Creatures
  Duvessa (D:6)
  A sky beast (D:6)
  A bullfrog (D:6)
  Dowan (D:6)
  2 howler monkeys
  A hound (D:4)
  4 worker ants
  5 adders
  3 leopard geckos (D:5)
  8 orcs
  2 hobgoblins
  7 jackals
  2 kobolds
  A bat (D:2)
  A frilled lizard (D:3)
  A jackal skeleton (D:4)
  A jackal zombie (D:5)
42 creatures vanquished.

Vanquished Creatures (collateral kills)
  Prince Ribbit (D:6)
  An ice beast (D:5)
  3 ogres (D:4)
  A bullfrog (D:6)
  A jelly (D:5)
  An orc wizard (D:5)
  A centaur skeleton (D:5)
  A shadow imp (D:6)
  2 orcs
  A frilled lizard (D:5)
13 creatures vanquished.

Grand Total: 55 creatures vanquished

Notes
Turn   | Place    | Note
-------+----------+-------------------------------------------
     0 | D:1      | dstrtnsr the Gnoll Ice Elementalist began the quest for the Orb.
     0 | D:1      | Reached XP level 1. HP: 13/13 MP: 6/6
    99 | D:3      | Noticed Terence
   207 | D:3      | Reached XP level 2. HP: 20/20 MP: 4/7
   337 | D:4      | Got a pair of dazzling boots
   343 | D:4      | Identified the +2 pair of boots "Irywoer" {rPois rC+ Int+3} (You found it on level 4 of the Dungeon)
   376 | D:5      | Entered Level 5 of the Dungeon
   447 | D:4      | Noticed an ogre
   506 | D:4      | Noticed a howler monkey
   514 | D:4      | Killed a howler monkey
   514 | D:4      | Reached skill level 1 in Fighting
   514 | D:4      | Reached skill level 1 in Short Blades
   514 | D:4      | Reached skill level 1 in Long Blades
   514 | D:4      | Reached skill level 1 in Axes
   514 | D:4      | Reached skill level 1 in Maces & Flails
   514 | D:4      | Reached skill level 1 in Polearms
   514 | D:4      | Reached skill level 1 in Staves
   514 | D:4      | Reached skill level 1 in Slings
   514 | D:4      | Reached skill level 1 in Bows
   514 | D:4      | Reached skill level 1 in Crossbows
   514 | D:4      | Reached skill level 1 in Throwing
   514 | D:4      | Reached skill level 1 in Armour
   514 | D:4      | Reached skill level 1 in Shields
   514 | D:4      | Reached skill level 1 in Unarmed Combat
   514 | D:4      | Reached skill level 5 in Spellcasting
   514 | D:4      | Reached skill level 1 in Invocations
   514 | D:4      | Reached skill level 1 in Evocations
   514 | D:4      | Reached XP level 3. HP: 25/26 MP: 3/9
   514 | D:4      | Reached XP level 4. HP: 31/32 MP: 3/11
   522 | D:4      | Learned a level 3 spell: Ozocubu's Armour
   534 | D:4      | Learned a level 4 spell: Summon Ice Beast
   565 | D:4      | Noticed an ogre
   592 | D:4      | Noticed an ogre
   680 | D:4      | Killed an ogre
   680 | D:4      | Reached skill level 1 in Hexes
   680 | D:4      | Reached skill level 1 in Charms
   680 | D:4      | Reached skill level 1 in Summonings
   680 | D:4      | Reached skill level 1 in Necromancy
   680 | D:4      | Reached skill level 1 in Translocations
   680 | D:4      | Reached skill level 1 in Transmutations
   680 | D:4      | Reached skill level 1 in Fire Magic
   680 | D:4      | Reached skill level 1 in Air Magic
   680 | D:4      | Reached skill level 1 in Earth Magic
   680 | D:4      | Reached skill level 1 in Poison Magic
   680 | D:4      | Reached XP level 5. HP: 37/37 MP: 4/12
   715 | D:4      | Killed an ogre
   772 | D:4      | Killed an ogre
   883 | D:4      | Reached XP level 6. HP: 34/44 MP: 8/13
  1068 | D:5      | Found Tuygynto's Food Shop.
  1095 | D:5      | Reached skill level 5 in Dodging
  1130 | D:6      | Noticed a sky beast
  1135 | D:6      | Killed a sky beast
  1149 | D:6      | Reached XP level 7. HP: 37/50 MP: 1/15
  1167 | D:6      | Learned a level 3 spell: Conjure Flame
  1171 | D:6      | Learned a level 3 spell: Mephitic Cloud
  1215 | D:6      | Found a staircase to the Ecumenical Temple.
  1245 | Temple   | Entered the Ecumenical Temple
  1592 | D:6      | Noticed Dowan
  1593 | D:6      | Noticed Duvessa
  1601 | D:6      | Killed Dowan
  1606 | D:6      | Killed Duvessa
  1606 | D:6      | Reached skill level 5 in Stealth
  1606 | D:6      | Reached XP level 8. HP: 45/57 MP: 12/16
  1607 | D:6      | Noticed Prince Ribbit
  1613 | D:6      | HP: 19/57 [orc warrior/trident (15)]
  1615 | D:6      | HP: 1/57 [orc warrior/trident (16)]
  1615 | D:6      | Killed Prince Ribbit
  1615 | D:6      | Reached skill level 6 in Ice Magic
  1617 | D:6      | Gained mutation: You possess an exceptional clarity of mind. [potion of mutation]
  1617 | D:6      | Gained mutation: You expend magic power (3 MP) to strengthen your wands. [potion of mutation]
  1617 | D:6      | Gained mutation: You are resistant to electric shocks. (rElec) [potion of mutation]
  1617 | D:6      | Gained mutation: You are resistant to hostile enchantments. (MR+) [potion of mutation]
  1629 | D:6      | HP: 3/130 [gnoll sergeant/trident of venom (2)]
  1631 | D:6      | Slain by a gnoll sergeant

Vault maps used:
D:1:      minmay_arrival_four_circles
D:3:      doesnt_xom_only_xom, first_ration, uniq_terence
D:5:      serial_shops, shop_statue
D:6:      temple_green, uniq_duvessa, uniq_prince_ribbit1
Temple:   nicolae_temple_no_exploring_needed

Skill      XL: |  1  2  3  4  5  6  7  8 |
---------------+-------------------------+-----
Conjurations   | 2 3 |  3.3
Fighting       | 1 2 3 |  3.0
Short Blades   | 1 2 3 |  3.0
Long Blades    | 1 2 3 |  3.0
Axes           | 1 2 3 |  3.0
Maces & Flails | 1 2 3 |  3.0
Polearms       | 1 2 3 |  3.0
Staves         | 1 2 3 |  3.0
Slings         | 1 2 3 |  3.0
Bows           | 1 2 3 |  3.0
Crossbows      | 1 2 3 |  3.0
Throwing       | 1 2 3 |  3.0
Armour         | 1 2 3 |  3.0
Shields        | 1 2 3 |  3.0
Unarmed Combat | 1 2 3 |  3.0
Spellcasting   | 5 |  5.9
Invocations    | 1 2 3 |  3.3
Evocations     | 1 2 3 |  3.0
Hexes          | 1 2 |  2.4
Charms         | 1 2 |  2.4
Summonings     | 1 2 |  2.4
Necromancy     | 1 2 |  2.4
Translocations | 1 2 |  2.4
Transmutations | 1 2 |  2.4
Fire Magic     | 1 2 |  2.4
Air Magic      | 1 2 |  2.4
Earth Magic    | 1 2 |  2.4
Poison Magic   | 1 2 |  2.4
Dodging        | 5 |  5.5
Stealth        | 5 |  5.2
Ice Magic      | 6 |  6.0

Action                   |  1- 3 |  4- 6 |  7- 9 || total
-------------------------+-------+-------+-------++-------
Melee: Unarmed           |       |     2 |    10 ||    12
       Whip              |       |    15 |    34 ||    49
       Bite              |       |     1 |     2 ||     3
 Cast: Freeze            |    14 |    39 |    22 ||    75
       Summon Ice Beast  |       |     8 |     3 ||    11
       Mephitic Cloud    |       |       |     2 ||     2
       Ozocubu's Armour  |       |       |     2 ||     2
Evoke: Wand              |       |     1 |     6 ||     7
  Use: Scroll            |       |     1 |     4 ||     5
       Potion            |       |       |     5 ||     5
 Stab: Sleeping          |       |       |     1 ||     1
       Distracted        |       |       |     1 ||     1
  Eat: Chunk             |       |     1 |     2 ||     3
Armor: Robe              |     3 |     8 |    24 ||    35
       Skin              |       |       |    20 ||    20
Dodge: Dodged            |     8 |    40 |    49 ||    97

Table legend:
 A = Spawn XP
 B = Non-spawn XP
 C = Spawn XP percentage of total XP
 D = Spawn monster count
 E = Non-spawn monster count
 F = Spawn count percentage of total count
 G = Total turns spent on level
                    A         B        C        D         E        F      G
               +---------+---------+-------+---------+---------+-------+---------
         Total |       0 |    1513 |   0.0 |       0 |      55 |   0.0 |  1631
               +---------+---------+-------+---------+---------+-------+---------
           D:1 |       0 |       4 |   0.0 |       0 |       2 |   0.0 |    46
           D:2 |       0 |       4 |   0.0 |       0 |       3 |   0.0 |    77
           D:3 |       0 |      17 |   0.0 |       0 |       3 |   0.0 |   176
           D:4 |       0 |     297 |   0.0 |       0 |      14 |   0.0 |   617
           D:5 |       0 |     325 |   0.0 |       0 |      18 |   0.0 |   507
           D:6 |       0 |     866 |   0.0 |       0 |      15 |   0.0 |   206
               +---------+---------+-------+---------+---------+-------+---------
